 Dungeon Crawl Stone Soup version 0.31-a0-536-ga3e2962e35 (webtiles) character file.

Game seed: 11131496547371005459

72 Ethylacetat the Ducker (level 4, -4/31 HPs)
             Began as an Octopode Gladiator on Aug 13, 2023.
             Slain by a goblin
             ... wielding a +0 club
             ... led by Robin
              (6 damage)
             ... on level 2 of the Dungeon.
             The game lasted 00:01:32 (1172 turns).

Ethylacetat the Ducker (Octopode Gladiator)         Turns: 1172, Time: 00:01:32

Health: -4/31      AC:  1    Str: 13    XL:     4   Next: 25%
Magic:  4/4        EV: 14    Int: 10    God:
Gold:   76         SH:  0    Dex: 15    Spells: 3/3 levels left

rFire   . . .        a - +0 rapier
rCold   . . .        (no shield)
rNeg    . . .        b - +0 hat
rPois   .            (no amulet)
rElec   .            (no ring)
rCorr   .            (no ring)
SInv    .            (no ring)
Will    .....        (no ring)
Stlth   +++          (no ring)
HPRegen 0.25/turn    (no ring)
MPRegen 0.09/turn    (no ring)
                     (no ring)

%: no passive effects
@: no status effects
A: almost no armour, amphibious, 8 rings, camouflage 1, gelatinous body 1,
(nimble swimmer 1), tentacles
a: no special abilities


You were on level 2 of the Dungeon.
You visited 1 branch of the dungeon, and saw 2 of its levels.

You collected 76 gold pieces.

Inventory:

Hand Weapons
 a - a +0 rapier (weapon)
Missiles
 c - 3 throwing nets (quivered)
 d - a javelin
Armour
 b - a +0 hat (worn)
Scrolls
 e - 3 scrolls of identify {unknown}
 f - a scroll of teleportation {unknown}


   Skills:
 + Level 3.0 Fighting
 - Level 3.0 Short Blades
 - Level 2.0 Throwing
 + Level 3.7 Dodging
 + Level 2.9 Stealth


You had 3 spell levels left.
You didn't know any spells.
Your spell library contained the following spells:

 Spells                   Type           Power      Damage    Failure   Level
 Blink                    Tloc           0%         N/A       50%         2
 Sublimation of Blood     Necr           0%         N/A       50%         2
 Wereblood                Tmut           0%         N/A       50%         2
 Manifold Assault         Tloc           0%         N/A       98%         4
 Summon Hydra             Summ           0%         N/A       100%        7


Dungeon Overview and Level Annotations

Branches:
Dungeon (2/15)

Altars:

Shops:
D:1 [

Annotations:
D:2 Robin


Innate Abilities, Weirdness & Mutations

You cannot wear most types of armour.
You are amphibious.
You can wear up to eight rings at the same time.
Your skin changes colour to match your surroundings (Stealth+).
Your rubbery body absorbs attacks. (AC +1, EV +1)
((You are camouflaged when in or above water. (Stealth+)))
You have tentacles for arms and can constrict up to eight enemies at once.


Message History

The goblin is moderately wounded.
The goblin hits you with a +0 club.
A hobgoblin opens the door.
Found 15 gold pieces.
You hit the goblin.
You kill the goblin!
Robin roars a battlecry!
The hobgoblin attacks as you move away! The hobgoblin barely misses you.
The goblin attacks as you move away! The goblin misses you.
You see here a dart slug corpse.
The hobgoblin attacks as you move away! The hobgoblin barely misses you.
You hit the goblin. You grab the goblin.
The goblin is moderately wounded.
You constrict the goblin.
The hobgoblin no longer looks unusually strong.
The goblin hits you with a +0 dagger.
* * * LOW HITPOINT WARNING * * *
You hit the goblin but do no damage. You squeeze the goblin.
You kill the goblin!
The hobgoblin no longer looks unusually strong.
You hit the hobgoblin but do no damage. Your grab misses the hobgoblin.
Robin says, "Duck!"
The hobgoblin barely misses you.
You hit the hobgoblin. You grab the hobgoblin. You squeeze the hobgoblin.
You kill the hobgoblin!
The goblin unwields a +0 dagger.
The goblin wields a +0 sling.
The goblin shoots a sling bullet.
The sling bullet hits you.
* * * LOW HITPOINT WARNING * * *
Robin roars a battlecry!
The goblins go into a battle-frenzy!
You hear a shout!
You aren't carrying any potions.
You barely miss the goblin. Your grab misses the goblin.
You squeeze the goblin.
The goblin is severely wounded.
The goblin closely misses you.
You barely miss the goblin. You grab the goblin. You squeeze the goblin.
You kill the goblin!
The goblin no longer looks unusually strong.
Robin throws the goblin at you! The goblin hits you with a +0 club.
You die...

##<..#..##
#........## .#
#....#?...## ..#
###....#B....+
+..# ........g.g#
#..# #...#g.g.##
#..# ###......)##.
#..# .........##$⌠
##..#
#......####'##@g.#
#.###.....g)gg#..#
.#........#.##..#
#........).†..#..#
#.#........#..#..#
# ###....#.#..#..#
.......#.#..#..#
#####....#..#..#
#.####..#


You could see Robin, a hobgoblin (strong) and 2 goblins.

Vanquished Creatures
  Natasha (D:2)
  3 dart slugs
  2 endoplasms (D:1)
  4 hobgoblins
  7 jackals (D:1)
  2 ball pythons (D:1)
  2 bats (D:1)
  2 frilled lizards (D:1)
  9 goblins
  3 kobolds
  4 rats
39 creatures vanquished.

Notes
Turn   | Place    | Note
-------+----------+-------------------------------------------
     0 | D:1      | Ethylacetat the Octopode Gladiator began the quest for the
                  | Orb.
     0 | D:1      | Reached XP level 1. HP: 14/14 MP: 1/1
    40 | D:1      | Reached skill level 1 in Stealth
   107 | D:1      | Found Qisil's Antique Armour Emporium.
   148 | D:1      | Reached XP level 2. HP: 19/19 MP: 2/2
   476 | D:1      | Reached XP level 3. HP: 16/25 MP: 3/3
   996 | D:2      | Noticed Natasha
  1003 | D:2      | Killed Natasha
  1057 | D:2      | Reached XP level 4. HP: 13/30 MP: 4/4
  1148 | D:2      | Noticed Robin
  1172 | D:2      | Slain by a goblin

Illustrated notes

Levels and vault maps discovered:
D:1:      beargit_arrival_greenhouse, layout_basic, serial_shops,
          nicolae_shop_just_a_little_nook, columned_hall_lemuel,
          minmay_liquid_box, serial_bayou_lagoon_a
D:2:      layout_loops_ring, dreamdust_ecumenical_altar_grove,
          minmay_misc_feat_hallway, grunt_decor_arrowhead, uniq_natasha,
          uniq_sigmund, uniq_jessica, uniq_robin

Skill      XL: |  1  2  3  4 |
---------------+-------------+-----
Stealth        | 1 2 |  2.9
Fighting       | 3 |  3.0
Short Blades   | |  3.0
Throwing       | |  2.0
Dodging        | |  3.7

Action                     |  1- 3 |  4- 6 || total
---------------------------+-------+-------++-------
  Melee: Rapier            |    54 |    22 ||    76
         Constrict         |    14 |     8 ||    22
         Tentacles         |    14 |     7 ||    21
         Punch             |     1 |       ||     1
   Stab: Sleeping          |     8 |     1 ||     9
 Armour: Skin              |     1 |     2 ||     3
  Dodge: Dodged            |    31 |    14 ||    45

Table legend: (Time is in decaauts)
 A = Elapsed time spent in this place.
 B = Non-inter-level travel time spent in this place.
 C = Inter-level travel time spent in this place.
 D = Time resting spent in this place.
 E = Time spent auto-exploring this place.
 F = Levels seen in this place.
 G = Mean time per level.
                   A        B        C        D        E       F      G
               +--------+--------+--------+--------+--------+-----+--------+
         Total |   1175 |   1150 |     25 |      0 |    949 |   2 |  587.5 |
       Dungeon |   1175 |   1150 |     25 |      0 |    949 |   2 |  587.5 |
               +--------+--------+--------+--------+--------+-----+--------+

Top non-repeatable levels by time:
     D:1: 986 daAuts
     D:2: 188 daAuts
